 Dungeon Crawl Stone Soup version 0.29.1-1-gd02db6906a (webtiles) character file.

Game seed: 7520170140808073732

52518 GeoRichter the Carver (level 14, -13/115 HPs)
             Began as a Merfolk Gladiator on Oct 18, 2022.
             Was the Champion of Okawaru.
             Killed from afar by an ice dragon (30 damage)
             ... with a blast of cold
             ... in an ice cave.
             The game lasted 00:54:38 (17334 turns).

GeoRichter the Carver (Merfolk Gladiator)          Turns: 17334, Time: 00:54:39

Health: -13/115    AC: 21    Str: 21    XL:     14   Next: 64%
Magic:  28/29      EV: 27    Int: 12    God:    Okawaru [******]
Gold:   592        SH: 10    Dex: 20    Spells: 13/13 levels left

rFire   + . .      SeeInvis .   a - +3 demon blade (elec)
rCold   . . .      Faith    .   O - +2 buckler {AC+3}
rNeg    . . .      Spirit   .   g - +1 scale mail of Alovu {rF+ Will++}
rPois   .          Reflect  .   c - +1 helmet
rElec   .          Harm     .   p - +2 cloak
rCorr   +          Rampage  .   E - +0 pair of gloves
Will    +++..                   (boots currently unavailable)
Stlth   +++.......              (no amulet)
HPRegen 0.29/turn               M - ring "Xapnammih" {rCorr MP+9 Str+6 Int+5}
MPRegen 0.21/turn               k - +4 ring of slaying

@: about to teleport, heroic, very quick
A: nimble swimmer 2, mertail
a: Renounce Religion, Heroism, Finesse, Duel


You were in an ice cave.
You worshipped Okawaru.
Okawaru was exalted by your worship.
You visited 2 branches of the dungeon, and saw 12 of its levels.
You also visited: Ossuary and Ice Cave.

You collected 1075 gold pieces.
You spent 483 gold pieces at shops.

Inventory:

Hand Weapons
 a - a +3 demon blade of electrocution (weapon)
   (Okawaru gifted it to you on level 7 of the Dungeon)
 b - a +5 rapier of holy wrath
   (You found it on level 7 of the Dungeon)
 h - a +2 dagger of speed
   (You took it off a kobold brigand on level 8 of the Dungeon)
Missiles
 d - 3 throwing nets (quivered) {!f}
 f - a javelin
Armour
 c - a +1 helmet (worn)
 g - the +1 scale mail of Alovu (worn) {rF+ Will++}
   (You bought it in a shop on level 4 of the Dungeon)

   rF:        It protects you from fire.
   Will:      It greatly increases your willpower.
 p - a +2 cloak (worn)
   (You bought it in a shop on level 4 of the Dungeon)
 q - a +0 hat of see invisible
   (Okawaru gifted it to you on level 4 of the Lair of Beasts)
 E - a +0 pair of gloves (worn)
   (You found it on level 4 of the Dungeon)
 H - a +0 pair of boots (melded)
   (You found it on level 5 of the Dungeon)
 I - +0 acid dragon scales
   (You took it off Maggie on level 6 of the Dungeon)
 O - a +2 buckler of protection (worn)
   (You found it on level 7 of the Dungeon)
 S - a +2 scale mail of poison resistance
   (You found it in an ice cave)
Jewellery
 k - a +4 ring of slaying (right hand)
   (You found it on level 7 of the Dungeon)
 r - a +4 ring of protection
   (You found it on level 4 of the Lair of Beasts)
 y - a ring of poison resistance
   (You found it on level 3 of the Dungeon)
 G - a ring of positive energy
   (You found it on level 7 of the Dungeon)
 M - the ring "Xapnammih" (left hand) {rCorr MP+9 Str+6 Int+5}
   (You found it on level 7 of the Dungeon)

   [ring of magical power]

   Str:       It affects your strength (+6).
   Int:       It affects your intelligence (+5).
   MP:        It affects your magic capacity (+9).
   rCorr:     It protects you from acid and corrosion.
Wands
 i - a wand of mindburst (5)
   (You found it on level 3 of the Lair of Beasts)
 l - a wand of roots (4)
   (You found it on level 2 of the Dungeon)
 B - a wand of polymorph (14)
   (You found it on level 6 of the Dungeon)
 F - a wand of paralysis (5)
   (You found it on level 7 of the Dungeon)
 N - a wand of digging (4)
   (You found it on level 8 of the Dungeon)
 U - a wand of acid (3)
   (You found it on level 3 of the Lair of Beasts)
Scrolls
 e - 9 scrolls of enchant armour
 m - 2 scrolls of teleportation {@r4}
 n - a scroll of fog
 o - a scroll of silence
 v - a scroll of magic mapping
 A - 4 scrolls of poison {!r}
 C - a scroll of brand weapon
 J - 2 scrolls of fear
 L - a scroll of immolation {!r}
Potions
 j - a potion of ambrosia
 s - 3 potions of cancellation
 t - 3 potions of flight
 u - 2 potions of lignification {unknown}
 w - a potion of invisibility {unknown}
 x - 2 potions of might
 z - 2 potions of mutation {!q}
 D - 2 potions of curing {@q1}
 K - 4 potions of brilliance
 Q - a potion of magic {unknown}
 R - a potion of resistance
Miscellaneous
 P - a lightning rod (4/4) {!a}
   (You found it on level 7 of the Dungeon)


   Skills:
 + Level 12.2(17.2) Fighting
 - Level 14.0(19.0) Long Blades
 - Level 2.0(7.0) Throwing
 * Level 7.4(12.4) Armour
 + Level 13.2(18.2) Dodging
 - Level 8.0(13.0) Shields
 - Level 9.0 Invocations
 + Level 4.9 Evocations


You had 13 spell levels left.
You didn't know any spells.
Your spell library contained the following spells:

 Spells                   Type           Power      Damage    Failure   Level
 Apportation              Tloc           0%         N/A       63%         1
 Beastly Appendage        Tmut           0%         N/A       63%         1
 Magic Dart               Conj           0%         1d3       63%         1
 Necrotise                Necr           0%         1d4       63%         1
 Slow                     Hex            0%         N/A       63%         1
 Sting                    Tmut/Pois      0%         1d3       63%         1
 Poisonous Vapours        Pois/Air       0%         N/A       77%         2
 Wereblood                Tmut           0%         N/A       77%         2
 Confusing Touch          Hex            0%         N/A       94%         3
 Ignite Poison            Fire/Tmut/Pois 0%         N/A       94%         3
 Mephitic Cloud           Conj/Pois/Air  0%         N/A       94%         3
 Portal Projectile        Hex/Tloc       0%         N/A       94%         3
 Spider Form              Tmut/Pois      0%         N/A       94%         3
 Vampiric Draining        Necr           0%         2d6       94%         3
 Corpse Rot               Necr/Pois/Air  0%         N/A       100%        4
 Olgreb's Toxic Radiance  Pois           0%         N/A       100%        4
 Blade Hands              Tmut           0%         N/A       100%        5
 Freezing Cloud           Conj/Ice/Air   0%         6-21      100%        5
 Silence                  Hex/Air        0%         N/A       100%        5
 Summon Small Mammal      Summ           Unusable   N/A       N/A         1
 Call Imp                 Summ           Unusable   N/A       N/A         2
 Tukima's Dance           Hex            Unusable   N/A       N/A         3
 Summon Mana Viper        Hex/Summ       Unusable   N/A       N/A         5

Dungeon Overview and Level Annotations

Branches:
Dungeon (8/15) Zot: 24187  Temple (0/1) D:6            Lair (4/5) D:8 Zot: 18549
 Shoals (0/4) Lair:3        Snake (0/4) Lair:2        Slime (0/5) Lair:4
Ossuary (visited)           IceCv (1/1) Zot: 5461

Altars:
Kikubaaqudgha
Okawaru
Qazlal
Ru
Zin

Shops:
D:4 !?[!

Annotations:
D:2 1 runed translucent door, Crazy Yiuf


Innate Abilities, Weirdness & Mutations

You are very nimble when in or above water. (Stealth+, EV+, Speed+++)
Your lower body shifts to a powerful aquatic tail in water.


Message History

You see here a +0 lajatang of freezing.
You now have 564 gold pieces (gained 4).
You now have 580 gold pieces (gained 16).
You now have 592 gold pieces (gained 12).
You don't know any spells.
Unknown command.
You drop the +1 scale mail of the Unseen Realm {Harm rElec rPois rF- Regen+}.
Found 19 gold pieces.
Your legs become a tail as you enter the water.
Your +0 pair of boots melds into your body.
Found 13 gold pieces.
Your +0 pair of boots unmelds from your body.
An ice dragon, 2 rime drakes, a lindwurm simulacrum and 2 steam dragon simulacra come into view.
Found five items.
The rime drake hisses angrily.
Here: an ice dragon The floor.
Your legs become a tail as you enter the water.
Your +0 pair of boots melds into your body.
Okay, then.
Your +0 pair of boots unmelds from your body.
Your legs become a tail as you enter the water.
Your +0 pair of boots melds into your body.
The ice dragon breathes frost at you. The blast of cold hits you!!!
Your +0 pair of boots unmelds from your body.
Your legs become a tail as you enter the water.
Your +0 pair of boots melds into your body.
You gain the combat prowess of a mighty hero.
The rime drake misses you.
The ice dragon is engulfed in freezing vapours.
The ice dragon breathes frost at you. The blast of cold hits you!!
* * * LOW HITPOINT WARNING * * *
Okay, then.
As you read the scroll of teleportation {@r4}, it crumbles to dust.
You feel strangely unstable.
You are engulfed in freezing vapours.
* * * LOW HITPOINT WARNING * * *
The rime drake completely misses you.
You feel better.
You are engulfed in freezing vapours.
* * * LOW HITPOINT WARNING * * *
The ice dragon is engulfed in freezing vapours.
The ice dragon completely misses you. x2
The ice dragon tramples you but does no damage.
The rime drake breathes ice at you. You block the flash freeze.
You feel better. You block the rime drake's attack.
The ice dragon breathes frost at you. The blast of cold hits you!!
You die...

###### # ##≈≈Z.#.##
#kk≈#Z$.$#
##########@DZ≈#".$#
##...##....≈≈≈##==..#
##..#..##..#≈≈≈#
".Dk#
#.#.##..#.###≈##
.k.Z.# #..####...#
### $..Z.# ### #.##
##.## $Z...# #.###..#
### .$.... #..###.#
.......#


You could see an ice dragon (catching breath), 2 rime drakes, a lindwurm
simulacrum and 2 steam dragon simulacra.

Vanquished Creatures
  Kirke (Lair:4)
  3 hydras
  2 two-headed ogres
  4 death yaks
  A deep elf pyromancer (D:7)
  3 manticores
  2 ugly things (D:7)
  Joseph (D:7)
  2 ice statues (IceCv)
  5 black mambas (Lair:2)
  Psyche (D:8)
  8 cane toads
  Maggie (D:6)
  7 rime drakes
  10 komodo dragons
  2 trolls (D:7)
  13 blink frogs
  Grinder (D:5)
  4 dream sheep
  A shadow (D:7)
  3 wyverns
  2 hogs (Lair:4)
  2 wraiths (D:7)
  27 yaks
  A vampire mosquito (D:7)
  3 basilisks
  A steam dragon (D:7)
  Menkaure (D:5)
  4 orc warriors
  17 water moccasins
  3 sky beasts (D:7)
  4 ice beasts
  2 black bears
  3 wolves (Lair:3)
  4 centaurs
  A phantom (D:5)
  3 kobold brigands
  Blork the orc (D:6)
  A gnoll sergeant (D:8)
  A necrophage (D:6)
  7 bullfrogs
  3 scorpions
  9 wights
  2 howler monkeys
  2 electric eels (Lair:3)
  5 komodo dragon simulacra (IceCv)
  An orc priest (D:5)
  2 hounds
  A jelly (D:6)
  Jessica (D:2)
  7 iguanas
  5 orc wizards
  A mummy (Ossuary)
  4 acid dragon simulacra (IceCv)
  5 gnolls
  8 adders
  2 shadow imps
  9 steam dragon simulacra (IceCv)
  A dart slug (D:1)
  15 orcs
  A spectral bat (Ossuary)
  8 ball pythons
  10 endoplasms
  4 giant cockroaches
  8 goblins
  8 hobgoblins
  4 quokkas
  10 bats
  5 bat simulacra (Ossuary)
  4 frilled lizards
  12 gnoll zombies (Ossuary)
  2 goblin simulacra (Ossuary)
  4 goblin zombies (Ossuary)
  3 hobgoblin zombies (Ossuary)
  10 kobolds
  2 kobold simulacra (Ossuary)
  6 kobold zombies (Ossuary)
  5 orc zombies (Ossuary)
  6 rats
  6 rat simulacra (Ossuary)
  3 spectral goblins (Ossuary)
  4 spectral kobolds (Ossuary)
  4 spectral rats (Ossuary)
375 creatures vanquished.

Vanquished Creatures (others)
  28 fungi
  74 plants
102 creatures vanquished.

Grand Total: 477 creatures vanquished

Notes
Turn   | Place    | Note
-------+----------+-------------------------------------------
     0 | D:1      | GeoRichter the Merfolk Gladiator began the quest for the
                  | Orb.
     0 | D:1      | Reached XP level 1. HP: 16/16 MP: 1/1
    96 | D:1      | Reached skill level 4 in Long Blades
   100 | D:1      | Reached XP level 2. HP: 23/23 MP: 2/2
   375 | D:1      | Reached XP level 3. HP: 26/28 MP: 3/3
   630 | D:1      | Reached skill level 5 in Long Blades
   776 | D:2      | Found a faded altar of an unknown god.
  1081 | D:2      | Found a runed translucent door.
  1082 | D:2      | Noticed Crazy Yiuf
  1104 | D:2      | Reached XP level 4. HP: 34/34 MP: 4/4
  1331 | D:2      | Noticed Jessica
  1338 | D:2      | Killed Jessica
  1339 | D:2      | Reached skill level 6 in Long Blades
  1614 | D:3      | Found a sacrificial altar of Ru.
  1614 | D:3      | Found an iron altar of Okawaru.
  1618 | D:3      | Became a worshipper of Warmaster Okawaru
  1837 | D:3      | Reached XP level 5. HP: 39/39 MP: 5/5
  2203 | D:4      | Reached skill level 7 in Long Blades
  2423 | D:4      | Found Ologgofa's Distillery.
  2432 | D:4      | Bought a potion of heal wounds for 50 gold pieces
  2432 | D:4      | Bought a potion of degeneration for 10 gold pieces
  2432 | D:4      | Bought 2 potions of curing for 60 gold pieces
  2590 | D:4      | Found a glowing silver altar of Zin.
  2819 | D:4      | Found Fiaschut's Distillery.
  2933 | D:4      | Found Gabios's Antique Armour Emporium.
  2965 | D:4      | Found Feuf's Magic Scroll Boutique.
  3214 | D:5      | Entered Level 5 of the Dungeon
  3214 | D:5      | Noticed a two-headed ogre
  3244 | D:5      | Noticed an ice beast
  3251 | D:5      | Killed an ice beast
  3252 | D:5      | Reached skill level 1 in Invocations
  3252 | D:5      | Reached XP level 6. HP: 47/47 MP: 5/7
  3276 | D:5      | Noticed Grinder
  3314 | D:5      | Reached * piety under Okawaru
  3582 | D:5      | Reached skill level 8 in Long Blades
  3582 | D:5      | Reached XP level 7. HP: 45/53 MP: 8/8
  3743 | D:5      | Paralysed by Grinder for 4 turns
  3771 | D:5      | Killed Grinder
  3771 | D:5      | Reached ** piety under Okawaru
  3775 | D:5      | Reached skill level 9 in Long Blades
  3997 | D:5      | Reached XP level 8. HP: 49/61 MP: 10/10
  4064 | D:5      | Found a stormy altar of Qazlal.
  4084 | D:5      | Killed a two-headed ogre
  4084 | D:5      | Reached *** piety under Okawaru
  4085 | D:5      | Reached skill level 10 in Long Blades
  4229 | D:5      | Found an ancient bone altar of Kikubaaqudgha.
  4330 | D:5      | Noticed Menkaure
  4343 | D:5      | Killed Menkaure
  4544 | D:6      | Noticed Blork the orc
  4555 | D:6      | Killed Blork the orc
  4676 | D:6      | Reached XP level 9. HP: 71/71 MP: 12/12
  4757 | D:6      | Reached skill level 1 in Armour
  4808 | D:6      | Noticed Maggie
  4819 | D:6      | Reached skill level 11 in Long Blades
  4832 | D:6      | Killed Maggie
  4833 | D:6      | Reached skill level 5 in Dodging
  4979 | D:6      | Found a staircase to the Ecumenical Temple.
  5116 | D:6      | Got the Papyrus of Spellbinding
  5609 | D:7      | Noticed Joseph
  5639 | D:7      | Killed Joseph
  5639 | D:7      | Reached **** piety under Okawaru
  5880 | D:7      | Reached skill level 12 in Long Blades
  6191 | D:7      | Reached XP level 10. HP: 24/72 MP: 10/13
  7088 | D:7      | Reached ***** piety under Okawaru
  7340 | D:7      | Identified the ring "Xapnammih" {rCorr MP+9 Str+6 Int+5}
  7400 | D:7      | Noticed a deep elf pyromancer
  7486 | D:7      | Killed a deep elf pyromancer
  7487 | D:7      | Reached skill level 13 in Long Blades
  7518 | D:7      | Found a runed translucent door.
  7521 | D:7      | Found a runed translucent door.
  7521 | D:7      | Noticed a red ugly thing
  7534 | D:7      | Noticed a white ugly thing
  7534 | D:7      | Noticed a manticore
  7781 | D:8      | Found a sand-covered staircase.
  7785 | Ossuary  | Entered an ossuary
  8315 | D:8      | Received a gift from Okawaru
  8447 | D:8      | Noticed Psyche
  8460 | D:8      | Killed Psyche
  8482 | D:8      | Noticed a two-headed ogre
  8493 | D:8      | Killed a two-headed ogre
  8502 | D:8      | Noticed a tengu warrior
  8889 | D:8      | Noticed a manticore
  8898 | D:8      | Killed a manticore
  8898 | D:8      | Received a gift from Okawaru
  8899 | D:8      | Reached XP level 11. HP: 53/87 MP: 14/14
  8934 | D:8      | Reached skill level 14 in Long Blades
  8934 | D:8      | Reached skill level 1 in Evocations
  9001 | D:8      | Noticed a manticore
  9016 | D:8      | Killed a manticore
  9553 | D:4      | Bought a slimy scale mail for 198 gold pieces
  9553 | D:4      | Identified the +1 scale mail of Alovu {rF+ Will++} (You
                  | bought it in a shop on level 4 of the Dungeon)
  9553 | D:4      | Bought a runed cloak for 165 gold pieces
  9681 | D:8      | Found a staircase to the Lair.
  9942 | Lair:1   | Entered Level 1 of the Lair of Beasts
 10351 | Lair:1   | Reached skill level 5 in Invocations
 10558 | Lair:1   | Identified the +5 war axe "Kosseh" {antimagic, Fly rC-
                  | Will+ Int+4} (Okawaru gifted it to you on level 1 of the
                  | Lair of Beasts)
 10558 | Lair:1   | Received a gift from Okawaru
 11180 | Lair:1   | Reached skill level 10 in Dodging
 11281 | Lair:1   | Reached skill level 1 in Shields
 11421 | Lair:1   | Noticed a four-headed hydra
 11438 | Lair:1   | Killed a four-headed hydra
 11439 | Lair:1   | Reached skill level 10 in Fighting
 11532 | Lair:1   | Noticed a six-headed hydra
 11579 | Lair:1   | Killed a six-headed hydra
 11580 | Lair:1   | Reached XP level 12. HP: 66/97 MP: 16/16
 12203 | Lair:2   | Noticed a death yak
 12239 | Lair:1   | Killed a death yak
 12540 | D:7      | HP: 3/97 [white ugly thing (32)]
 13223 | D:7      | Received a gift from Okawaru
 13541 | Lair:2   | Reached skill level 5 in Shields
 13802 | Lair:2   | Found a staircase to the Snake Pit.
 13822 | Lair:2   | Reached ****** piety under Okawaru
 14247 | Lair:2   | Noticed a death yak
 14248 | Lair:2   | Noticed a death yak
 14248 | Lair:2   | Noticed a death yak
 14277 | Lair:2   | Killed a death yak
 14277 | Lair:2   | Identified the +1 scale mail of the Unseen Realm {Harm
                  | rElec rPois rF- Regen+} (Okawaru gifted it to you on level
                  | 2 of the Lair of Beasts)
 14277 | Lair:2   | Received a gift from Okawaru
 14288 | Lair:2   | Killed a death yak
 14299 | Lair:2   | Killed a death yak
 14311 | Lair:2   | Reached XP level 13. HP: 80/106 MP: 19/19
 15290 | Lair:3   | Found a staircase to the Shoals.
 16206 | Lair:3   | Reached XP level 14. HP: 114/114 MP: 20/20
 16695 | Lair:4   | Received a gift from Okawaru
 16731 | Lair:4   | Found a frozen archway.
 16744 | Lair:4   | Noticed Kirke
 16763 | Lair:4   | Killed Kirke
 16768 | IceCv    | Entered an ice cave
 17334 | IceCv    | Killed from afar by an ice dragon

Illustrated notes

Levels and vault maps discovered:
D:1:      dpeg_arrival_tiny_a, layout_rooms
D:2:      layout_basic, basic_ecumenical_altar, uniq_jessica,
          uniq_crazy_yiuf_cottage
D:3:      layout_rooms, gammafunk_temple_overflow_wave
D:4:      layout_gridville, zin_academy, serial_shops, shop,
          nicolae_shop_hallway_stairs, kennysheep_mini,
          nicolae_shop_advertising_works [nicolae_subvault_shop_adworks],
          hangedman_decor_points, chequers_decorated_corner,
          kennysheep_generic_room_6
D:5:      layout_rooms, mainiacjoe_overflow_cross_hatched,
          mainiacjoe_overflow_paths, uniq_menkaure, uniq_grinder
D:6:      layout_basic, minmay_temple_entry_tees, uniq_blork_the_orc,
          uniq_maggie
D:7:      minmay_the_grid_triangle_9x9_rhombus_full
          [minmay_the_grid_triangle_9x9_stretched_checkered,
          minmay_the_grid_triangle_9x9_windchime,
          minmay_the_grid_triangle_9x9_descending_squares,
          minmay_the_grid_triangle_9x9_sparse_checkered,
          minmay_the_grid_triangle_9x9_zippers_horizontal,
          minmay_the_grid_triangle_9x9_tough_junction,
          minmay_the_grid_triangle_9x9_warning,
          minmay_the_grid_triangle_9x9_prize_top_heavy], layout_basic,
          uniq_joseph
D:8:      minmay_ornate_pinched, layout_cave_pools, enter_ossuary_5, uniq_psyche
Lair:1:   layout_loops_ring, beast_lair_carwin_8
Lair:2:   layout_chaotic_city, minmay_snake_entry_six_corridors
Lair:3:   layout_regular_city, minmay_shoals_entry_centaurs,
          nicolae_quartered_pool_super, lemuel_old_faithful,
          serial_bayou_shore_a
Lair:4:   layout_hall_layers, dpeg_slime_entry_corner,
          portal_ice_cave_entry_pillars_1, beast_lair_carwin_9, uniq_kirke,
          uniq_josephine
IceCv:    ice_cave_small_dragons

Skill      XL: |  1  2  3  4  5  6  7  8  9 10 11 12 13 14 |
---------------+-------------------------------------------+-----
Long Blades    | 4 5 6 7 8 9 10 12 13 14 | 14.0
Fighting       | 3 4 6 7 8 10 11 12 | 12.2
Invocations    | 1 2 3 4 6 8 9 |  9.0
Armour         | 2 4 6 7 |  7.4
Dodging        | 6 8 10 12 13 | 13.2
Evocations     | 4 |  4.9
Shields        | 2 7 8 |  8.0
Throwing       | |  2.0

Action                   |  1- 3 |  4- 6 |  7- 9 | 10-12 | 13-15 || total
-------------------------+-------+-------+-------+-------+-------++-------
Melee: Long sword        |   103 |   117 |   222 |   558 |       ||  1000
       Punch             |       |       |     6 |    14 |       ||    20
       Dagger            |       |       |       |    17 |       ||    17
       Tailslap          |       |       |       |     1 |     6 ||     7
       Demon blade       |       |       |       |   125 |   262 ||   387
       Rapier            |       |       |       |       |    11 ||    11
Throw: Javelin           |     2 |     3 |       |     2 |       ||     7
       Dart              |       |    19 |     3 |    33 |       ||    55
Invok: Heroism           |       |       |     8 |    10 |     4 ||    22
       Finesse           |       |       |       |     2 |     2 ||     4
Evoke: Wand              |       |     2 |     4 |     3 |       ||     9
  Use: Potion            |       |       |     2 |     5 |     3 ||    10
       Scroll            |       |       |     2 |    20 |     6 ||    28
 Stab: Sleeping          |     1 |       |       |     1 |       ||     2
Armor: Leather armour    |    17 |       |       |       |       ||    17
       Ring mail         |     2 |    30 |       |       |       ||    32
       Scale mail        |       |     1 |    30 |    77 |    53 ||   161
       Acid dragon scale |       |       |    34 |    64 |       ||    98
       Skin              |       |       |       |    14 |       ||    14
Dodge: Dodged            |    60 |    61 |   107 |   320 |   137 ||   685
Block: Buckler           |       |       |       |    27 |    88 ||   115
